 Dungeon Crawl Stone Soup version 0.31-a0-246-g8cbcc1cb85 (webtiles) character file.

Game seed: 4544008492197654482

1313 qw the Skirmisher (level 8, -1/49 HPs)
             Began as a Gargoyle Hexslinger on July 12, 2023.
             Slain by a gnoll
             ... wielding a +0 spear
             ... led by a gnoll sergeant
              (3 damage)
             ... on level 6 of the Dungeon.
             The game lasted 00:02:15 (4633 turns).

qw the Skirmisher (Gargoyle Hexslinger)             Turns: 4633, Time: 00:02:15

Health: -1/49      AC: 16    Str: 11    XL:     8   Next: 58%
Magic:  9/9        EV: 10    Int: 15    God:
Gold:   647        SH:  0    Dex: 14    Spells: 8/9 levels left

rFire   . . .        Y - +3 sling
rCold   . . .        (no shield)
rNeg    + . .        k - +0 ring mail
rPois   inf          l - +2 helmet
rElec   +            (no cloak)
rCorr   .            o - +1 pair of gloves
SInv    .            (no boots)
Will    +....        (no amulet)
Stlth   +            a - ring of willpower
HPRegen 0.28/turn    (no ring)
MPRegen 0.11/turn

%: no passive effects
@: no status effects
A: sickness immunity, AC +5, negative energy resistance 1, electricity
resistance, torment resistance 1, petrification resistance
a: no special abilities


You were on level 6 of the Dungeon.
You visited 2 branches of the dungeon, and saw 7 of its levels.

You collected 647 gold pieces.


Innate Abilities, Weirdness & Mutations

You are immune to sickness and miasma.
Your stone body is resilient. (AC +5)
You are immune to poison.
You resist negative energy. (rN+)
You are resistant to electric shocks. (rElec)
You are resistant to unholy torment.
You are immune to petrification.


   Skills:
 - Level 5.0 Fighting
 + Level 8.9 Ranged Weapons
 - Level 2.5 Armour
 - Level 1.5 Dodging
 - Level 1.0 Spellcasting
 - Level 2.6 Hexes


You had 8 spell levels left.
You knew the following spells:

 Your Spells              Type           Power      Damage    Failure   Level
a - Slow                  Hex            32%        N/A       19%         1

Your spell library contained the following spells:

 Spells                   Type           Power      Damage    Failure   Level
 Inner Flame              Hex/Fire       4%         N/A       69%         3
 Portal Projectile        Hex/Tloc       8%         N/A       69%         3
 Cause Fear               Hex            4%         N/A       88%         4

Inventory:

Hand Weapons
 Y - a +3 sling (weapon)
Armour
 k - a +0 ring mail (worn)
 l - a +2 helmet (worn)
 o - a +1 pair of gloves (worn)
Jewellery
 a - a ring of willpower (left hand)
 b - a ring of fire
Scrolls
 j - a scroll of identify
Potions
 e - a potion of enlightenment
 g - 2 potions of curing
 m - a potion of might

Dungeon Overview and Level Annotations

Branches:
Dungeon (6/15)             Temple (1/1) D:4

Altars:
Ashenzari
Cheibriados
Elyvilon
Fedhas
Hepliaklqana
Kikubaaqudgha
Qazlal
Ru
Sif Muna
Uskayaw
Vehumet
Wu Jian
Yredelemnul
Zin


Message History

The phantom barely misses you.
You shoot a sling bullet. The sling bullet hits the centaur.
You kill the centaur!
The phantom hits you.
The phantom blinks!
You blink.
A gnoll comes into view. It is wielding a +0 flail.
The gnoll sergeant hits you from afar with a +0 trident!
The gnoll shouts!
Enter note:
Enter note: You shoot a sling bullet.
The sling bullet hits the phantom!
The phantom is almost destroyed.
The phantom hits you but does no damage.
The gnoll hits you with a +0 whip.
The gnoll sergeant hits you from afar with a +0 trident!
You shoot a sling bullet.
The sling bullet barely misses the phantom.
The phantom barely misses you. The gnoll hits you but does no damage.
The gnoll sergeant barely misses you.
You shoot a sling bullet.
The sling bullet barely misses the phantom.
The phantom barely misses you. The gnoll closely misses you.
The gnoll hits you but does no damage. The gnoll closely misses you.
The gnoll sergeant hits you but does no damage.
You shoot a sling bullet.
The sling bullet closely misses the phantom.
The phantom barely misses you. The gnoll closely misses you.
The gnoll hits you but does no damage. The gnoll closely misses you.
The gnoll sergeant hits you but does no damage.
You shoot a sling bullet.
The sling bullet hits the phantom but does no damage.
The phantom is almost destroyed.
The phantom barely misses you. The gnoll hits you but does no damage.
The gnoll hits you with a +0 flail. The gnoll misses you.
The gnoll sergeant barely misses you.
You shoot a sling bullet.
The sling bullet hits the phantom but does no damage.
The phantom is almost destroyed.
The phantom hits you but does no damage.
The gnoll hits you from afar with a +0 spear.
You die...

##.#....####........#
.....#### #..........#..
.##.#######............#
#.......#...........#
#######)...........##
##..).......?.
#.!...g.....#
....#......W..## ###
#....g@....#
#.....g....#
#....g.....#
#..........#
#..........#
##........## ##......##
########


You could see a phantom, a gnoll sergeant and 3 gnolls.

Vanquished Creatures
  An orc warrior (D:5)
  An ice beast (D:5)
  An ogre (D:5)
  A centaur (D:6)
  2 phantoms (D:5)
  A kobold brigand (D:6)
  A bullfrog (D:5)
  A scorpion (D:5)
  A howler monkey (D:3)
  A jelly (D:5)
  5 hounds
  3 sleepcaps (D:5)
  An iguana (D:5)
  An orc wizard (D:3)
  Robin (D:3)
  2 gnolls
  14 adders
  An ufetubus (D:5)
  3 worms
  4 dart slugs
  18 orcs
  8 ball pythons
  3 endoplasms
  4 giant cockroaches
  11 goblins (D:3)
  10 hobgoblins
  A jackal (D:5)
  2 quokkas
  6 bats
  3 frilled lizards
  13 kobolds
  2 rats
127 creatures vanquished.

Notes
Turn   | Place    | Note
-------+----------+-------------------------------------------
     0 | D:1      | qw the Gargoyle Hexslinger began the quest for the Orb.
     0 | D:1      | Reached XP level 1. HP: 12/12 MP: 2/2
     0 | D:1      | 0 ||| qw: Version: 0.3-a-52-g30416fa
     0 | D:1      | 0 ||| qw: Game counter: 6438
     0 | D:1      | 0 ||| qw: Melee chars always use a shield: true
     0 | D:1      | 0 ||| qw: God list: Okawaru
     0 | D:1      | 0 ||| qw: Allow faded altars: false
     0 | D:1      | 0 ||| qw: Do Orc after clearing Dungeon:15 true
     0 | D:1      | 0 ||| qw: Do second Lair branch before Depths: true
     0 | D:1      | 0 ||| qw: Lair rune preference: random
     0 | D:1      | 0 ||| qw: Goals: Normal
     0 | D:1      | 0 ||| PLANNING D:1-11
   146 | D:1      | Reached XP level 2. HP: 16/16 MP: 3/3
   284 | D:1      | You fall into a shaft and drop 1 floor!
   291 | D:2      | Found a blossoming altar of Fedhas.
   299 | D:2      | Reached skill level 3 in Ranged Weapons
   444 | D:2      | Reached XP level 3. HP: 21/21 MP: 4/4
   484 | D:2      | 484 ||| UPGRADING to +0 helmet.
   489 | D:2      | 489 ||| READING scroll labelled ERAUPHOSOPN.
   503 | D:2      | 503 ||| READING scroll labelled ACRIOL DOS ZORPH.
   507 | D:2      | 507 ||| READING scroll labelled GIRCHU TAIL.
   508 | D:2      | 508 ||| DROPPING scroll of poison.
   557 | D:2      | 557 ||| FLEEEEING.
   560 | D:2      | 560 ||| STAIRDANCE
   940 | D:1      | 940 ||| READING scroll labelled KETTAA VOMAAG.
   941 | D:1      | 941 ||| READING scroll labelled HES QEYDURONGOYB.
   942 | D:1      | 942 ||| DRINKING 2 metallic yellow potions.
   980 | D:1      | 980 ||| DROPPING potion of lignification.
  1423 | D:2      | 1423 ||| READING scroll labelled NOTANL PIKU.
  1424 | D:2      | 1424 ||| DRINKING 2 fizzy black potions.
  1437 | D:3      | Reached XP level 4. HP: 26/26 MP: 5/5
  1456 | D:3      | Reached skill level 4 in Ranged Weapons
  1581 | D:3      | Noticed Robin
  1592 | D:3      | Killed Robin
  1593 | D:3      | HP: 6/26 [something (2)]
  1594 | D:3      | 1594 ||| READING scroll of teleportation.
  1654 | D:3      | Reached XP level 5. HP: 15/30 MP: 6/6
  1822 | D:3      | Found a white marble altar of Elyvilon.
  2013 | D:3      | Reached skill level 5 in Ranged Weapons
  2414 | D:3      | 2414 ||| UPGRADING to +0 leather armour.
  2424 | D:3      | 2424 ||| DROPPING +0 robe.
  2425 | D:3      | 2425 ||| UPGRADING to +2 helmet.
  2435 | D:3      | 2435 ||| DROPPING +0 helmet.
  2436 | D:3      | 2436 ||| DROPPING +6 ring of intelligence.
  2437 | D:3      | 2437 ||| READING 2 scrolls labelled PENNUPLECAAD.
  2438 | D:3      | 2438 ||| DROPPING potion of invisibility.
  2498 | D:4      | 2498 ||| STAIRDANCE
  2508 | D:3      | Reached skill level 3 in Fighting
  2551 | D:4      | Reached XP level 6. HP: 37/37 MP: 7/7
  2557 | D:4      | Found a staircase to the Ecumenical Temple.
  2559 | D:4      | 2559 ||| PLANNING TEMPLE
  2563 | Temple   | Entered the Ecumenical Temple
  2700 | Temple   | 2700 ||| PLANNING D:1-11
  3200 | D:4      | 3200 ||| UPGRADING to +0 ring mail.
  3210 | D:4      | 3210 ||| DROPPING +0 leather armour.
  3211 | D:4      | 3211 ||| UPGRADING to +0 pair of gloves.
  3216 | D:4      | 3216 ||| READING scroll of enchant armour.
  3216 | D:4      | 3216 ||| ENCHANTING +0 pair of gloves.
  3217 | D:4      | 3217 ||| READING scroll labelled ASAYDU ABINU.
  3218 | D:4      | 3218 ||| READING scroll labelled KEBAWE LUEDIRGH.
  3219 | D:4      | 3219 ||| DRINKING 3 murky white potions.
  3220 | D:4      | 3220 ||| READING 6 scrolls of identify.
  3220 | D:4      | 3220 ||| IDENTIFYING silvery potion
  3221 | D:4      | 3221 ||| READING 5 scrolls of identify.
  3221 | D:4      | 3221 ||| IDENTIFYING coppery potion
  3222 | D:4      | 3222 ||| READING 4 scrolls of identify.
  3222 | D:4      | 3222 ||| IDENTIFYING amethyst potion
  3223 | D:4      | 3223 ||| READING 3 scrolls of identify.
  3223 | D:4      | 3223 ||| IDENTIFYING fuming white potion
  3224 | D:4      | 3224 ||| READING 2 scrolls of identify.
  3224 | D:4      | 3224 ||| IDENTIFYING viscous pink potion
  3225 | D:4      | 3225 ||| DROPPING potion of magic.
  3226 | D:4      | 3226 ||| DROPPING potion of ambrosia.
  3227 | D:4      | 3227 ||| DROPPING 2 potions of degeneration.
  3248 | D:5      | Entered Level 5 of the Dungeon
  3257 | D:5      | Noticed an orc warrior
  3281 | D:5      | Killed an orc warrior
  3496 | D:5      | Reached skill level 6 in Ranged Weapons
  3496 | D:5      | Reached XP level 7. HP: 36/41 MP: 8/8
  3569 | D:5      | 3569 ||| READING scroll of enchant weapon.
  3569 | D:5      | 3569 ||| ENCHANTING +2 sling.
  3921 | D:5      | Reached skill level 7 in Ranged Weapons
  4015 | D:5      | Reached XP level 8. HP: 20/48 MP: 9/9
  4021 | D:5      | HP: 9/48 [ice beast (9)]
  4022 | D:5      | 4022 ||| READING scroll of teleportation.
  4023 | D:5      | 4023 ||| DRINKING potion of heal wounds.
  4026 | D:5      | Reached skill level 8 in Ranged Weapons
  4284 | D:5      | 4284 ||| UPGRADING to ring of willpower.
  4478 | D:6      | 4478 ||| Stepping ~*~*~tactically~*~*~ (outnumbered).
  4479 | D:6      | 4479 ||| Stepping ~*~*~tactically~*~*~ (outnumbered).
  4482 | D:6      | 4482 ||| Stepping ~*~*~tactically~*~*~ (outnumbered).
  4611 | D:6      | 4611 ||| Stepping ~*~*~tactically~*~*~ (outnumbered).
  4628 | D:6      | HP: 6/49 [gnoll sergeant/+0 trident (7)]
  4632 | D:6      | HP: 2/49 [gnoll/+0 flail[a gnoll sergeant] (5)]
  4633 | D:6      | Slain by a gnoll

Levels and vault maps discovered:
D:1:      psy_arrival_terrarium, layout_loops_ring, moated_statue
D:2:      layout_basic, basic_altar
D:3:      wander_river, layout_loops_ring, mainiacjoe_overflow_alcove_4,
          st_stairs_14, uniq_robin
D:4:      layout_basic, minmay_temple_entry_arrows
D:5:      minmay_polygon_palace, layout_basic
D:6:      layout_rooms
Temple:   hellmonk_temple_forest_ring

Skill      XL: |  1  2  3  4  5  6  7  8 |
---------------+-------------------------+-----
Ranged Weapons | 3 4 5 6 7 8 |  8.9
Fighting       | 2 3 4 5 |  5.0
Armour         | 2 |  2.5
Dodging        | |  1.5
Spellcasting   | |  1.0
Hexes          | |  2.6

Action                     |  1- 3 |  4- 6 |  7- 9 || total
---------------------------+-------+-------+-------++-------
   Fire: Sling             |   101 |   301 |   210 ||   612
    Use: Scroll            |     6 |    10 |     2 ||    18
         Potion            |     2 |     1 |     1 ||     4
 Armour: Robe              |    23 |    47 |       ||    70
         Leather armour    |       |    26 |       ||    26
         Ring mail         |       |    28 |   133 ||   161
  Dodge: Dodged            |    43 |   145 |   120 ||   308

Table legend:
 A = Non-vault XP
 B = Vault XP
 C = Vault XP percentage of total XP
 D = Non-vault monster count
 E = Vault monster count
 F = Vault count percentage of total count
                 A         B        C        D         E       F
            +---------+---------+-------+---------+---------+-------
      Total |    1151 |     725 |  38.6 |      94 |      33 |  26.0
            +---------+---------+-------+---------+---------+-------
        D:1 |      28 |       0 |   0.0 |      17 |       0 |   0.0
        D:2 |      46 |       0 |   0.0 |      10 |       0 |   0.0
        D:3 |     196 |      41 |  17.3 |      30 |      14 |  31.8
        D:4 |      48 |       0 |   0.0 |      14 |       0 |   0.0
        D:5 |     562 |     684 |  54.9 |      11 |      19 |  63.3
        D:6 |     271 |       0 |   0.0 |      12 |       0 |   0.0
            +---------+---------+-------+---------+---------+-------
